 Dungeon Crawl Stone Soup version 0.23-a0-169-gb21e69520c (webtiles) character file.

71856 PikkenKukken the Grappler (level 14, -14/139 HPs)
             Began as a Demonspawn Monk on Sept 12, 2018.
             Was a High Priest of Okawaru.
             Engulfed by a cloud of flame (17 damage)
             ... in a volcano.
             The game lasted 00:43:58 (21173 turns).

PikkenKukken the Grappler (Demonspawn Monk)        Turns: 21173, Time: 00:43:59

Health: -14/139    AC: 10    Str: 17    XL:     14   Next: 99%
Magic:  0/20       EV: 19    Int: 12    God:    Okawaru [*****.]
Gold:   1863       SH: 16    Dex: 18    Spells: 13/13 levels left

rFire    . . .     SeeInvis +     - Unarmed
rCold    . . .     Gourm    .   B - +2 shield
rNeg     . . .     Faith    .   (no armour)
rPois    .         Spirit   +   E - +0 hat {SInv}
rElec    .         Reflect  .   b - scarf {Spirit}
rCorr    .         Harm     .   (no gloves)
MR       +....                  x - +2 pair of boots of the Assassin {Detection Stab+ Stlth++}
Stlth    +++++++++.             u - amulet of Vitality {Regen+ HP+15}
HPRegen  0.73/turn              c - +4 ring of protection
MPRegen  0.17/turn              a - +3 ring of dexterity

@: heroism, finesse, very slightly contaminated
A: claws 2, horns 1, talons 1, slimy green scales 2, nightstalker 3, robust 1,
spiny 2, wild magic 1
a: Heroism, Finesse, Renounce Religion


You were in a volcano.
You worshipped Okawaru.
Okawaru was extremely pleased with you.
You were not hungry.

You visited 4 branches of the dungeon, and saw 22 of its levels.
You also visited: Volcano.

You collected 1863 gold pieces.

Inventory:

Armour
 b - a scarf of spirit shield (worn)
 x - the +2 pair of boots of the Assassin (worn) {Detection Stab+ Stlth++}
   (You acquired it on level 4 of the Lair of Beasts)

   It makes you much more stealthy.
 B - a +2 shield (worn)
 D - a +1 robe of fire resistance
 E - a +0 hat of see invisible (worn)
 Q - the +0 ring mail of Supple Strength {rCorr Str+4}
   (Okawaru gifted it to you in a volcano)

   It affects your strength (+4).
   It provides partial protection from all sources of acid and corrosion.
 S - a +3 chain mail
 U - a +2 leather armour of fire resistance
Jewellery
 a - a +3 ring of dexterity (right claw)
 c - a +4 ring of protection (left claw)
 t - an uncursed ring of protection from cold
 u - the amulet of Vitality (around neck) {Regen+ HP+15}
   (You found it on level 5 of the Dungeon)

   [amulet of regeneration]

   It affects your health (+15).
   It increases your rate of regeneration.
 K - the ring of the Mage {Wiz MR++ Int+3}
   (You found it on level 4 of the Lair of Beasts)

   [ring of wizardry]

   It improves your spell success rate.
   It affects your intelligence (+3).
   It affects your resistance to hostile enchantments.
 P - an uncursed ring of wizardry
 T - an uncursed ring of positive energy
Wands
 k - a wand of flame (68)
 m - a wand of iceblast (37)
 v - a wand of disintegration (9)
 w - a wand of polymorph (11)
 y - a wand of paralysis (18)
 F - a wand of acid (22)
 M - a wand of digging (9)
 R - a wand of random effects (27)
Scrolls
 h - 2 scrolls of teleportation
 o - 6 scrolls of remove curse
 q - 4 scrolls of identify
 z - 5 scrolls of enchant armour
 H - a scroll of fog
 I - 2 scrolls of fear
 O - 3 scrolls of enchant weapon
Potions
 f - 2 potions of flight
 g - 3 potions of agility
 i - 11 potions of curing
 j - 2 potions of ambrosia
 n - a potion of resistance
 p - 3 potions of magic
 r - a potion of heal wounds
 s - 3 potions of haste
 A - a potion of invisibility
 C - a potion of lignification
 G - 2 potions of brilliance
 J - 2 potions of berserk rage
 L - a potion of mutation
 N - a potion of might
Comestibles
 e - 45 rations
 l - 16 chunks of flesh


   Skills:
 + Level 11.4(16.4) Fighting
 + Level 10.1(15.1) Armour
 + Level 4.1(9.1) Dodging
 + Level 6.1(11.1) Stealth
 + Level 10.9(15.9) Shields
 * Level 14.1(19.1) Unarmed Combat
 - Level 8.9 Invocations


You had 13 spell levels left.
You didn't know any spells.
Your spell library contained the following spells:

 Spells                   Type           Power        Failure   Level  Hunger
 Apportation              Tloc           #.....       41%         1    ##.....
 Summon Butterflies       Summ           #.......     41%         1    ##.....
 Lesser Beckoning         Tloc           #.........   77%         3    ####...
 Recall                   Summ/Tloc      N/A          77%         3    ####...
 Tukima's Dance           Hex            #.......     77%         3    ####...
 Alistair's Intoxication  Tmut/Pois      #.......     100%        5    ######.
 Aura of Abjuration       Summ           #.........   100%        5    ######.
 Summon Demon             Summ           #.........   100%        5    ######.
 Summon Forest            Summ/Tloc      #.........   100%        5    ######.
 Summon Mana Viper        Hex/Summ       #.......     100%        5    ######.
 Invisibility             Hex            #.......     100%        6    #######
 Shadow Creatures         Summ           N/A          100%        6    #######


Dungeon Overview and Level Annotations

Branches:
Dungeon (13/15)            Temple (1/1) D:7            Lair (6/6) D:9
 Shoals (0/4) Lair:4       Spider (0/4) Lair:4        Slime (0/5) Lair:5
    Orc (2/2) D:12            Elf (0/3) Orc:2
 Vaults: D:13-14

Altars:
Ashenzari
Cheibriados
Dithmenos
Elyvilon
Fedhas
Gozag
Hepliaklqana
Kikubaaqudgha
Makhleb
Nemelex Xobeh
Okawaru
Qazlal
Ru
Sif Muna
Trog
Uskayaw
Vehumet
Wu Jian
Xom
Yredelemnul
Zin
The Shining One
Beogh
Jiyva

Shops:
D:8 %

Annotations:
Lair:5 exclusion: 3 oklob plants


Innate Abilities, Weirdness & Mutations

You have very sharp fingernails.
You are mostly covered in slimy green scales. (AC +3)
You are completely attuned to the shadows.
You are robust. (+10% HP)
You are mostly covered in sharp spines.
You have a pair of small horns on your head.
You have sharp toenails.
Your spells are a little harder to cast, but a little more powerful.


Message History

Blink to where?
Press: ? - help, Dir - move target cursor You are very lightly contaminated with residual magic.
As you read the scroll of blinking, it crumbles to dust.
Wear which item? (? for menu, Esc to quit)
Keep equipping yourself?
You start putting on your armour.
You continue putting on your leather armour of fire resistance.
In the distance, the volcano erupts with a roar.
You are engulfed in blazing flames.
* * * LOW HITPOINT WARNING * * *
The two-headed ogre is engulfed in blazing flames.
You continue putting on your leather armour of fire resistance.
You are engulfed in blazing flames.
* * * LOW HITPOINT WARNING * * *
The two-headed ogre is engulfed in blazing flames. x2
The two-headed ogre dies!
You continue putting on your leather armour of fire resistance.
You are engulfed in blazing flames.
You die...

#.....#...#≈
#######...#§
#...'!!.$.)...#§
#...#..≈..#.O.#§
#...#8§§§8#§..#≈
#..'§§§§§§§.##
#.§'§.§§§O..#
##)#8.§.8#)##
###.§@§§###
≈§§§§§§§§
≈§§8§§§8§≈
#§§..§§§§≈
≈§§§§§§§§
#≈8...8≈≈
##.....##
#.....# #8...8#


You could see a two-headed ogre.

Vanquished Creatures
  Erolcha (D:9)
  Harold (D:7)
  9 hydras
  A centaur warrior (D:9)
  An ogre mage (Volcano)
  A catoblepas (Lair:5)
  2 two-headed ogres (Volcano)
  2 orc high priests
  A hell knight (Volcano)
  A necromancer (Lair:4)
  7 orc knights
  3 ugly things
  A deep elf mage (D:12)
  2 manticores
  An orc sorcerer (Orc:1)
  7 elephants
  6 torpor snails
  5 spiny frogs
  2 kobold demonologists (D:11)
  3 rime drakes
  5 komodo dragons
  A tengu conjurer (D:10)
  6 trolls
  6 hornets
  7 polar bears
  13 blink frogs
  Grinder (D:4)
  A snapping turtle (Lair:4)
  5 hippogriffs
  Sigmund (D:3)
  12 spriggans (Lair:6)
  3 wraiths
  Eustachio (D:4)
  2 wyverns (D:11)
  33 yaks
  4 basilisks
  4 vampire mosquitoes (D:12)
  3 hungry ghosts
  30 orc warriors
  7 water moccasins
  3 porcupines
  7 black bears
  A phantom (D:9)
  2 necrophages
  4 boggarts (Lair:6)
  13 ogres
  3 sky beasts
  5 ice beasts
  4 centaurs
  20 wolves
  32 crocodiles
  4 big kobolds
  Blork the orc (D:4)
  17 bullfrogs
  A gnoll sergeant (D:8)
  4 scorpions
  11 wights
  3 electric eels
  3 howler monkeys
  3 bullfrog zombies
  A centaur zombie (D:3)
  8 crimson imps
  2 centaur skeletons (D:6)
  4 hounds
  11 orc wizards
  11 orc priests
  2 jellies
  7 iguanas
  Jessica (D:2)
  Natasha (thrice) (D:2)
  A bullfrog skeleton (D:11)
  3 hell rats (Lair:6)
  2 polar bear simulacra (Lair:4)
  12 worker ants
  A yak simulacrum (Lair:4)
  6 wolf simulacra (Lair:4)
  A hound zombie (D:5)
  A hound skeleton (D:6)
  Robin (D:4)
  A worker ant zombie (D:8)
  6 gnolls
  10 adders
  5 river rats (Lair:6)
  2 shadow imps
  2 oozes
  An adder skeleton (D:6)
  2 worms
  4 dart slugs
  8 leopard geckos
  62 orcs
  6 giant cockroaches
  21 goblins
  5 hobgoblins
  5 jackals
  11 kobolds
  2 quokkas
  A ball python (D:2)
  5 bats
  16 frilled lizards
  A jackal skeleton (D:4)
  A jackal zombie (D:4)
  A quokka skeleton (D:5)
  11 rats
  2 river rat simulacra (Lair:4)
  A butterfly (Lair:2)
  A plant (Lair:5)
614 creatures vanquished.

Vanquished Creatures (collateral kills)
  A fungus (Lair:5)
1 creature vanquished.

Vanquished Creatures (others)
  A two-headed ogre (Volcano)
  2 iguanas (Lair:4)
  A quokka (D:2)
  A kobold (D:2)
  7 fungi (Lair:6)
  7 plants
19 creatures vanquished.

Grand Total: 634 creatures vanquished

Notes
Turn   | Place    | Note
-------+----------+-------------------------------------------
     0 | D:1      | PikkenKukken the Demonspawn Monk began the quest for the
                  | Orb.
     0 | D:1      | Reached XP level 1. HP: 18/18 MP: 1/1
   154 | D:1      | Reached skill level 3 in Unarmed Combat
   158 | D:1      | Gained mutation: You are slightly more attuned to the
                  | shadows. [demonic ancestry]
   158 | D:1      | Reached XP level 2. HP: 16/24 MP: 2/2
   183 | D:1      | Found a roughly hewn altar of Beogh.
   415 | D:1      | Noticed an orc warrior
  1430 | D:2      | Found an opulent altar of Gozag.
  1433 | D:2      | Gained mutation: You are partially covered in slimy green
                  | scales. (AC +2) [demonic ancestry]
  1433 | D:2      | Reached XP level 3. HP: 29/29 MP: 3/3
  1469 | D:2      | Reached skill level 1 in Armour
  2131 | D:2      | Noticed Natasha
  2141 | D:2      | Killed Natasha
  2141 | D:2      | Gained mutation: You are significantly more attuned to the
                  | shadows. [demonic ancestry]
  2141 | D:2      | Reached XP level 4. HP: 26/36 MP: 4/4
  2308 | D:2      | Found a snail-covered altar of Cheibriados.
  2309 | D:2      | Noticed Jessica
  2319 | D:2      | Killed Jessica
  2319 | D:2      | Reached skill level 4 in Unarmed Combat
  2423 | D:2      | Noticed Natasha
  2449 | D:2      | Killed Natasha
  2449 | D:2      | Gained mutation: You have sharp fingernails. [demonic
                  | ancestry]
  2449 | D:2      | Reached XP level 5. HP: 21/42 MP: 5/5
  2616 | D:2      | Noticed Natasha
  2796 | D:2      | Killed Natasha
  3669 | D:3      | Found a glowing golden altar of the Shining One.
  3778 | D:3      | Noticed Sigmund
  3788 | D:3      | Killed Sigmund
  3788 | D:3      | Reached skill level 5 in Unarmed Combat
  3788 | D:3      | Gained mutation: You are mostly covered in slimy green
                  | scales. (AC +3) [demonic ancestry]
  3788 | D:3      | Reached XP level 6. HP: 30/49 MP: 6/6
  4041 | D:4      | Noticed Robin
  4076 | D:4      | Killed Robin
  4077 | D:4      | Noticed Blork the orc
  4098 | D:4      | Killed Blork the orc
  4098 | D:4      | Gained mutation: You are partially covered in sharp spines.
                  | [demonic ancestry]
  4098 | D:4      | Reached XP level 7. HP: 51/55 MP: 7/7
  4103 | D:4      | Noticed Eustachio
  4128 | D:4      | Killed Eustachio
  4128 | D:4      | Reached skill level 5 in Fighting
  4128 | D:4      | Reached skill level 6 in Unarmed Combat
  4350 | D:4      | Noticed Grinder
  4407 | D:4      | Killed Grinder
  4589 | D:4      | Reached XP level 8. HP: 55/63 MP: 8/8
  4755 | D:4      | Gained mutation: Your body sometimes deteriorates upon
                  | taking damage. [potion of mutation]
  4755 | D:4      | Gained mutation: You expend magic power (3 MP) to
                  | strengthen your wands. [potion of mutation]
  4755 | D:4      | Gained mutation: Your mind is acute. (Int +2) [potion of
                  | mutation]
  4756 | D:4      | Lost mutation: Your mind is acute. (Int +2) [potion of
                  | mutation]
  4756 | D:4      | Lost mutation: Your body sometimes deteriorates upon taking
                  | damage. [potion of mutation]
  4756 | D:4      | Gained mutation: You are occasionally teleported next to
                  | monsters. [potion of mutation]
  4756 | D:4      | Gained mutation: Your muscles are strong. (Str +2) [potion
                  | of mutation]
  5045 | D:5      | Entered Level 5 of the Dungeon
  5349 | D:5      | Found the amulet of Vitality {Regen+ HP+15}
  5436 | D:5      | Reached skill level 7 in Unarmed Combat
  6337 | D:6      | Reached skill level 5 in Armour
  6353 | D:6      | Reached skill level 8 in Unarmed Combat
  6378 | D:6      | Gained mutation: You are robust. (+10% HP) [demonic
                  | ancestry]
  6378 | D:6      | Reached XP level 9. HP: 77/77 MP: 9/9
  6892 | D:7      | Found a stormy altar of Qazlal.
  6917 | D:7      | Noticed Harold
  6934 | D:7      | Killed Harold
  6934 | D:7      | Reached skill level 9 in Unarmed Combat
  7055 | D:7      | Found a bloodstained altar of Trog.
  7121 | D:7      | Found a staircase to the Ecumenical Temple.
  7128 | Temple   | Entered the Ecumenical Temple
  7520 | D:7      | Found a blossoming altar of Fedhas.
  7881 | D:8      | Found Muinul Hese's Food Emporium.
  7995 | D:8      | Found a sparkling altar of Nemelex Xobeh.
  8034 | D:8      | Reached skill level 1 in Shields
  8198 | D:8      | Lost mutation: You expend magic power (3 MP) to strengthen
                  | your wands. [potion of mutation]
  8198 | D:8      | Lost mutation: Your muscles are strong. (Str +2) [potion of
                  | mutation]
  8198 | D:8      | Lost mutation: You are occasionally teleported next to
                  | monsters. [potion of mutation]
  8198 | D:8      | Gained mutation: You have a pair of small horns on your
                  | head. [potion of mutation]
  8198 | D:8      | Gained mutation: You have sharp toenails. [potion of
                  | mutation]
  8198 | D:8      | Gained mutation: Your spells are a little harder to cast,
                  | but a little more powerful. [potion of mutation]
  8326 | D:8      | Gained mutation: You are mostly covered in sharp spines.
                  | [demonic ancestry]
  8326 | D:8      | Reached XP level 10. HP: 87/87 MP: 10/10
  8978 | D:9      | Found a staircase to the Lair.
  9006 | D:9      | Reached skill level 10 in Unarmed Combat
  9210 | D:9      | Noticed a centaur warrior
  9221 | D:9      | Killed a centaur warrior
  9382 | D:9      | Found a shattered altar of Ashenzari.
  9383 | D:9      | Found a hide-covered altar of Uskayaw.
  9384 | D:9      | Found an iron altar of Okawaru.
  9389 | D:9      | Became a worshipper of Warmaster Okawaru
  9389 | D:9      | Reached * piety under Okawaru
  9389 | D:9      | Reached ** piety under Okawaru
  9675 | D:9      | Noticed Erolcha
  9685 | D:9      | Killed Erolcha
  9685 | D:9      | Reached skill level 1 in Invocations
  9772 | D:10     | Entered Level 10 of the Dungeon
  9814 | D:10     | Reached *** piety under Okawaru
  9814 | D:10     | Reached XP level 11. HP: 85/94 MP: 12/12
 10011 | D:10     | Found a shadowy altar of Dithmenos.
 10545 | D:10     | Reached skill level 11 in Unarmed Combat
 10764 | Lair:1   | Entered Level 1 of the Lair of Beasts
 11163 | Lair:1   | Reached **** piety under Okawaru
 12178 | Lair:2   | Reached skill level 5 in Shields
 12187 | Lair:2   | Reached ***** piety under Okawaru
 12197 | Lair:2   | Reached skill level 5 in Invocations
 12348 | Lair:2   | Noticed a six-headed hydra
 12357 | Lair:2   | Killed a six-headed hydra
 12798 | Lair:3   | Received a gift from Okawaru
 12917 | Lair:3   | Noticed a six-headed hydra
 12925 | Lair:3   | Killed a six-headed hydra
 12925 | Lair:3   | Reached skill level 12 in Unarmed Combat
 12925 | Lair:3   | Reached XP level 12. HP: 100/105 MP: 7/16
 13058 | Lair:3   | Gained mutation: You have very sharp fingernails. [demonic
                  | ancestry]
 13058 | Lair:3   | Reached XP level 13. HP: 111/111 MP: 17/17
 13703 | Lair:4   | Found a hole to the Spider Nest.
 13839 | Lair:4   | Identified a scroll of acquirement
 13840 | Lair:4   | Found the +2 pair of boots of the Assassin {Detection Stab+
                  | Stlth++}
 13953 | Lair:4   | Found a staircase to the Shoals.
 14216 | Lair:4   | Reached skill level 10 in Fighting
 14827 | Lair:4   | Found the ring of the Mage {Wiz MR++ Int+3}
 15493 | Lair:5   | Found a snail-covered altar of Cheibriados.
 15709 | Lair:5   | Found a viscous altar of Jiyva.
 15709 | Lair:5   | Found a staircase to the Slime Pits.
 16071 | D:11     | Reached skill level 10 in Shields
 17336 | D:12     | You fall through a shaft!
 17337 | D:13     | Received a gift from Okawaru
 17337 | D:13     | Reached skill level 13 in Unarmed Combat
 17518 | D:13     | Found a roughly hewn altar of Beogh.
 17686 | D:12     | Gained mutation: You are completely attuned to the shadows.
                  | [demonic ancestry]
 17686 | D:12     | Reached XP level 14. HP: 122/122 MP: 20/20
 17931 | D:12     | Found a roughly hewn altar of Beogh.
 17949 | D:12     | Found a staircase to the Orcish Mines.
 17974 | Orc:1    | Entered Level 1 of the Orcish Mines
 18663 | Orc:1    | Found a roughly hewn altar of Beogh.
 19075 | Lair:6   | Entered Level 6 of the Lair of Beasts
 19273 | Lair:6   | Reached skill level 5 in Stealth
 19605 | Lair:6   | Received a gift from Okawaru
 20360 | Lair:6   | Reached skill level 10 in Armour
 20411 | Lair:6   | Received a gift from Okawaru
 20766 | Orc:2    | Entered Level 2 of the Orcish Mines
 20943 | Orc:2    | Reached skill level 14 in Unarmed Combat
 21006 | Orc:2    | Found a dark tunnel.
 21013 | Volcano  | Entered a volcano
 21117 | Volcano  | Received a gift from Okawaru
 21120 | Volcano  | Got a spiked ring mail {god gift}
 21131 | Volcano  | Identified the +0 ring mail of Supple Strength {rCorr
                  | Str+4} (Okawaru gifted it to you in a volcano)
 21144 | Volcano  | Found a burning altar of Makhleb.
 21172 | Volcano  | HP: 3/139 [something (12)]
 21173 | Volcano  | Engulfed by a cloud of flame

Vault maps used:
D:1:      erik_arrival_cave_to_civilisation
D:2:      kennysheep_slug_shrine, nicolae_gozag_seed_capital,
          minmay_split_cup_large, uniq_jessica, uniq_natasha
D:3:      nicolae_tso_swordbearing_angel, uniq_sigmund
D:4:      serial_co_window_serial, co_window_cross_1, co_window_corner_a,
          co_window_of_opportunity_a, co_window_paths_b,
          co_window_of_opportunity_a, co_window_paths_c, co_window_2corner,
          co_window_2corner, co_window_paths_c, co_window_broadway_c,
          co_window_paths_d, glass_columns_a, glass_columns_a, glass_columns_a,
          glass_columns_a, glass_columns_c, uniq_ijyb, uniq_eustachio,
          uniq_blork_the_orc, uniq_grinder, uniq_robin
D:5:      first_ration, corner_web_ring
D:6:      serial_corexii_hall, corexii_hall_statues_i, corexii_hall_statues_l,
          nicolae_benzene_ring, serial_bayou_pond_d
D:7:      lemuel_round_altar, fedhas_bush_and_centaur_altar,
          nicolae_overflow_hidden_temple, minmay_temple_entry_overgrown,
          minmay_stone_trees_medium, uniq_harold
D:8:      basic_altar, serial_shops, shop, sword_in_stone
D:9:      gammafunk_temple_overflow_forgotten, dpeg_oklobed_lair, uniq_erolcha
D:10:     grunt_tengu_nest, grunt_dithmenos_shadows
D:12:     david_orc_5
D:13:     orc_temple, david_vaults_4, uniq_rupert
Temple:   dshaligram_water_room_temple
Lair:1:   minmay_holes
Lair:2:   serial_bayou_shore_b, lemuel_fruit_fields, serial_bayou_shore_a
Lair:3:   nicolae_quartered_pool_little, grunt_megastairs_4
Lair:4:   lemuel_reptile_caves, minmay_shoals_entry_hut, dummy_spider_entry,
          eino_house_with_fridge
Lair:5:   dpeg_slime_entry_enclosed_altar, kennysheep_snail_temple,
          grunt_megastairs_3, minmay_lair_oklob_chamber
Lair:6:   minmay_lair_end_enchanted_forest, st_stairs_6,
          kennysheep_abandoned_house, lemuel_fruit_tree
Orc:1:    nicolae_orc_accident_2, special_room
Orc:2:    grunt_orc_gardens, grunt_orc_garden, grunt_orc_garden,
          grunt_orc_garden, grunt_orc_garden, nicolae_volcano_entry_s_turn,
          nicolae_orc_flooded_monolith
Volcano:  kennysheep_volcano_temple

Skill      XL: |  1  2  3  4  5  6  7  8  9 10 11 12 13 14 |
---------------+-------------------------------------------+-----
Unarmed Combat | 3 4 5 6 8 9 10 12 13 14 | 14.1
Armour         | 1 2 3 4 5 6 7 8 9 10 | 10.1
Fighting       | 4 5 6 7 8 9 10 11 | 11.4
Shields        | 1 4 5 9 10 | 10.9
Invocations    | 2 5 8 |  8.9
Stealth        | 4 6 |  6.1
Dodging        | 4 |  4.1

Action                   |  1- 3 |  4- 6 |  7- 9 | 10-12 | 13-15 || total
-------------------------+-------+-------+-------+-------+-------++-------
Melee: Unarmed           |   199 |   182 |   245 |   369 |  1130 ||  2125
       Punch             |     2 |     1 |     5 |       |       ||     8
       Headbutt          |       |       |     6 |    85 |   261 ||   352
       Kick              |       |       |     4 |   134 |    16 ||   154
Invok: Heroism           |       |       |       |     5 |    15 ||    20
       Finesse           |       |       |       |     2 |     7 ||     9
Evoke: Wand              |       |       |       |     1 |     1 ||     2
  Use: Scroll            |     4 |     9 |    10 |     5 |    11 ||    39
       Potion            |       |     1 |     6 |     2 |     2 ||    11
 Stab: Sleeping          |     6 |     4 |       |       |    22 ||    32
       Distracted        |       |       |       |       |     4 ||     4
  Eat: Chunk             |     4 |     6 |     7 |    11 |    23 ||    51
       Ration            |       |       |     2 |     2 |     2 ||     6
Armor: Robe              |    19 |       |       |       |       ||    19
       Ring mail         |    75 |    56 |       |       |       ||   131
       Leather armour    |     2 |       |       |       |       ||     2
       Chain mail        |       |    35 |    96 |    15 |   182 ||   328
       Plate armour      |       |       |       |   140 |   207 ||   347
Dodge: Dodged            |   149 |    90 |    52 |    40 |   222 ||   553
Block: Shield            |       |       |    22 |   204 |   658 ||   884

Table legend:
 A = Non-vault XP
 B = Vault XP
 C = Vault XP percentage of total XP
 D = Non-vault monster count
 E = Vault monster count
 F = Vault count percentage of total count
                 A         B        C        D         E       F
            +---------+---------+-------+---------+---------+-------
      Total |   52407 |   33775 |  39.2 |     400 |     214 |  34.9
            +---------+---------+-------+---------+---------+-------
        D:1 |      20 |       3 |  13.0 |      11 |       2 |  15.4
        D:2 |     149 |      87 |  36.9 |      25 |       7 |  21.9
        D:3 |     103 |     220 |  68.1 |      17 |       1 |   5.6
        D:4 |     344 |     592 |  63.2 |      12 |      14 |  53.8
        D:5 |     234 |       0 |   0.0 |      10 |       0 |   0.0
        D:6 |    1123 |       0 |   0.0 |      18 |       0 |   0.0
        D:7 |     648 |    1091 |  62.7 |      14 |       2 |  12.5
        D:8 |    1955 |     471 |  19.4 |      22 |       4 |  15.4
        D:9 |    2777 |    1012 |  26.7 |      31 |       1 |   3.1
       D:10 |    1747 |     320 |  15.5 |      18 |       2 |  10.0
       D:11 |    4918 |       0 |   0.0 |      40 |       0 |   0.0
       D:12 |    2891 |     435 |  13.1 |      22 |      23 |  51.1
       D:13 |    2002 |    1345 |  40.2 |       8 |       8 |  50.0
     Lair:1 |    2376 |       0 |   0.0 |      12 |       0 |   0.0
     Lair:2 |    5437 |       0 |   0.0 |      26 |       0 |   0.0
     Lair:3 |    2381 |    1051 |  30.6 |       9 |       2 |  18.2
     Lair:4 |    4434 |    2625 |  37.2 |      22 |      47 |  68.1
     Lair:5 |    2912 |    4381 |  60.1 |      10 |      11 |  52.4
     Lair:6 |   12256 |    8936 |  42.2 |      35 |      57 |  62.0
      Orc:1 |    1593 |    6987 |  81.4 |      15 |      28 |  65.1
      Orc:2 |    2107 |       0 |   0.0 |      23 |       0 |   0.0
    Volcano |       0 |    4219 | 100.0 |       0 |       5 | 100.0
            +---------+---------+-------+---------+---------+-------
